 Dungeon Crawl Stone Soup version 0.29.1-15-g9cfb28693d (webtiles) character file.

Game seed: 14427903064898703376

49696 growler the Black Belt (level 14, -8/144 HPs)
             Began as a Merfolk Transmuter on Mar 8, 2023.
             Was a High Priest of Wu Jian.
             Killed from afar by Frances (35 damage)
             ... with an iron shot
             ... on level 12 of the Dungeon.
             The game lasted 00:56:38 (20807 turns).

growler the Black Belt (Merfolk Transmuter)        Turns: 20807, Time: 00:56:39

Health: -8/144     AC: -4    Str: 13    XL:     14   Next: 51%
Magic:  19/21      EV: 14    Int: 14    God:    Wu Jian [*****.]
Gold:   865        SH:  0    Dex: 15    Spells: 5/23 levels left

rFire   x . .      SeeInvis +     - Unarmed
rCold   + + +      Faith    .   (shield currently unavailable)
rNeg    . . .      Spirit   .   (body armour currently unavailable)
rPois   +          Reflect  .   (helmet currently unavailable)
rElec   .          Harm     .   (cloak currently unavailable)
rCorr   .          Rampage  .   (gloves currently unavailable)
Will    +....                   (boots currently unavailable)
Stlth   +++.......              (no amulet)
HPRegen 0.34/turn               l - ring of see invisible
MPRegen 0.17/turn               m - ring of wizardry

@: mighty, exhausted, ice-form, corroded, studying Long Blades
A: freezing attack, boosted hp, large, (nimble swimmer 2), (mertail)
a: End Transformation, Renounce Religion, Wall Jump, Serpent's Lash, Heavenly
Storm


You were on level 12 of the Dungeon.
You worshipped Wu Jian.
Wu Jian was extremely pleased with you.
You were a creature of crystalline ice.
You visited 3 branches of the dungeon, and saw 18 of its levels.

You collected 1014 gold pieces.
You spent 149 gold pieces at shops.

Inventory:

Missiles
 L - 3 throwing nets
Armour
 A - a +2 hat of stealth (melded)
 M - a +0 troll leather armour (melded)
 V - a +0 pair of gloves of infusion (melded)
Magical Staves
 c - a staff of poison
Jewellery
 l - a ring of see invisible (left front paw)
 m - a ring of wizardry (right front paw)
 z - a +4 ring of protection
 H - a ring of flight
 I - a +6 ring of dexterity
 O - a ring of resist corrosion
 P - a ring of positive energy
 Q - a ring of willpower
 R - a +6 ring of dexterity
 T - a ring of fire
 U - an amulet of reflection
Wands
 v - a wand of acid (12)
 B - a wand of charming (12)
 D - a wand of iceblast (18)
 E - a wand of flame (26)
 F - a wand of polymorph (4)
Scrolls
 d - a scroll of blinking {unknown}
 f - 2 scrolls of fear
 g - 2 scrolls of vulnerability
 i - 4 scrolls of teleportation
 k - a scroll of amnesia
 p - a scroll of poison {unknown}
 r - 2 scrolls of silence
 s - 3 scrolls of enchant weapon
 t - 4 scrolls of enchant armour
 u - 2 scrolls of butterflies
 y - a scroll of immolation
 C - 3 scrolls of summoning
 J - a scroll of identify
 K - 2 scrolls of magic mapping
Potions
 a - 3 potions of attraction
 b - 4 potions of lignification
 e - 3 potions of haste
 h - 7 potions of curing
 n - a potion of might
 o - 4 potions of flight
 q - a potion of ambrosia
 w - 3 potions of brilliance
 x - 2 potions of magic
 G - 2 potions of mutation
 N - 2 potions of heal wounds
 S - a potion of resistance


   Skills:
 + Level 14.1 Fighting
 - Level 9.0 Dodging
 - Level 7.0 Stealth
 + Level 16.9 Unarmed Combat
 - Level 5.0 Spellcasting
 - Level 9.0 Transmutations
 - Level 3.0 Ice Magic
 - Level 7.0 Poison Magic
 - Level 6.0 Evocations


You had 5 spell levels left.
You knew the following spells:

 Your Spells              Type           Power      Damage    Failure   Level
a - Beastly Appendage     Tmut           56%        N/A       1%          1
b - Wereblood             Tmut           28%        N/A       1%          2
c - Spider Form           Tmut/Pois      25%        N/A       1%          3
d - Ice Form              Ice/Tmut       20%        N/A       6%          4
e - Alistair's Intoxicat  Tmut/Pois      16%        N/A       8%          5
f - Ignite Poison         Fire/Tmut/Pois 18%        N/A       2%          3

Your spell library contained the following spells:

 Spells                   Type           Power      Damage    Failure   Level
 Sting                    Tmut/Pois      100%       1d8       1%          1
 Passwall                 Tmut/Erth      13%        N/A       1%          2
 Ensorcelled Hibernation  Hex/Ice        14%        N/A       6%          2
 Frozen Ramparts          Ice            22%        1d4       6%          3
 Apportation              Tloc           6%         N/A       7%          1
 Necrotise                Necr           12%        1d4       7%          1
 Conjure Flame            Conj/Fire      3%         6-21      21%         3
 Gell's Gravitas          Tloc           3%         N/A       21%         3
 Lesser Beckoning         Tloc           3%         N/A       21%         3
 Swiftness                Air            3%         N/A       21%         3
 Teleport Other           Tloc           3%         N/A       21%         3
 Vampiric Draining        Necr           3%         2d6       21%         3
 Corpse Rot               Necr/Pois/Air  10%        N/A       26%         4
 Summon Ice Beast         Ice/Summ       7%         N/A       34%         4
 Airstrike                Air            1%         2d(1-17)  52%         4
 Dispel Undead            Necr           3%         3d7       52%         4
 Sticky Flame             Conj/Fire      3%         2d3       52%         4
 Summon Lightning Spire   Summ/Air       3%         N/A       52%         4
 Agony                    Necr           3%         N/A       86%         5
 Borgnjor's Vile Clutch   Necr/Erth      1%         N/A       86%         5
 Iskenderun's Battlesphe  Conj           3%         2d6       86%         5
 Lightning Bolt           Conj/Air       1%         1d12      86%         5
 Death Channel            Necr           1%         N/A       100%        6
 Iron Shot                Conj/Erth      1%         9d1       100%        6
 Spellforged Servitor     Conj/Summ      1%         N/A       100%        7


Dungeon Overview and Level Annotations

Branches:
Dungeon (12/15)            Temple (1/1) D:7            Lair (5/5) D:9
  Swamp (0/4) Lair:3        Snake (0/4) Lair:3        Slime (0/5) Lair:5
    Orc: D:9-12

Altars:
Ashenzari
Cheibriados
Dithmenos
Elyvilon
Fedhas
Gozag
Hepliaklqana
Kikubaaqudgha
Makhleb
Nemelex Xobeh
Okawaru
Qazlal
Ru
Sif Muna
Trog
Uskayaw
Vehumet
Wu Jian
Xom
Yredelemnul
Zin
The Shining One

Shops:
D:5 *   D:7 *   D:12 [

Annotations:
D:12 Frances
Lair:5 3 runed translucent doors, Jingleheimer's ghost, journeyman MiFi; Renzlar's ghost, journeyman GnFi; melkoren's ghost, journeyman DrBe


Innate Abilities, Weirdness & Mutations

You are a creature of crystalline ice.
You have a powerful freezing melee attack.
Your maximum health is increased.
Your armour is entirely melded.
You are incapable of wielding weapons or throwing items.
((You are very nimble when in or above water. (Stealth+, EV+, Speed+++)))
((Your lower body shifts to a powerful aquatic tail in water.))


Message History

Frances is moderately wounded.
The rust devil barely misses you.
You hit Frances. You freeze Frances.
Frances is moderately wounded.
Frances hits you with a +0 halberd! The rust devil closely misses you.
You pummel Frances!! You freeze Frances.
Frances is heavily wounded.
Frances mutters in a terrible tongue.
The shard of ice misses you.
You punch Frances! You freeze Frances.
Frances is severely wounded.
The rust devil hits you. The rust devil corrodes you!
You hit Frances but do no damage.
Frances is severely wounded.
Frances mutters in a terrible tongue.
The rust devil hits you. The rust devil corrodes you!
You hit Frances but do no damage.
Frances is severely wounded.
Frances hits you with a +0 halberd!!
You hit Frances. You freeze Frances.
Frances is severely wounded.
The rust devil closely misses you. The chaos spawn hits you!!
The chaos spawn shocks you! Frances hits you with a +0 halberd!!
You hit Frances. You freeze Frances.
Frances is severely wounded.
The rust devil hits you!
* * * LOW HITPOINT WARNING * * *
The rust devil corrodes you! The chaos spawn misses you.
Unknown command.
You feel very mighty all of a sudden. Frances hits you with a +0 halberd!!
* * * LOW HITPOINT WARNING * * *
The rust devil hits you.
* * * LOW HITPOINT WARNING * * *
The rust devil corrodes you! The chaos spawn barely misses you.
Okay, then.
You feel much better.
Frances screams a word of power!
The iron shot hits you!!
You die...

#.#.# ### #...# #.)
##...# #(# #....# #. #.
#....#### # +.
#.####.....#.#.# +.
#.#.....:?<..#.#.# ##.
#....#.....4.....# #)#
#..#.......4Y#.### #.[
#....#.##.##@# ###
#.#.##.##...... ### ##
#.#....#####.##.#
....>. ###.#..### #.# #
#.###. ###...#..#####
#.##.# #.# #.
#...#........# #.##.# #
#.# #.
#.8.<.∩.8.##.###.##.###
#.#.# #.
#######...............#
#.#.###.


You could see Frances, a rust devil (summoned) and a chaos spawn (summoned).

Vanquished Creatures
  Gastronok (Lair:2)
  Kirke (Lair:4)
  6 hydras
  2 boulder beetles
  3 two-headed ogres
  Nergalle (Lair:2)
  A lindwurm (Lair:5)
  A deep elf pyromancer (D:12)
  A manticore (D:12)
  2 cyclopes
  An oklob plant (Lair:2)
  7 elephants (Lair:5)
  6 black mambas
  A torpor snail (Lair:3)
  20 cane toads
  An unseen horror (D:11)
  7 komodo dragons
  2 rime drakes
  A freezing wraith (D:12)
  6 trolls
  4 tyrant leeches (Lair:5)
  3 polar bears (Lair:2)
  A hornet (D:7)
  34 blink frogs
  A slime creature (D:12)
  A wyvern (D:9)
  2 wraiths (D:11)
  A hog (Lair:4)
  42 yaks
  A shadow (D:11)
  2 basilisks
  A steam dragon (D:9)
  5 vampire mosquitoes (Lair:5)
  An acid dragon (D:12)
  23 water moccasins
  3 orc warriors
  2 ice beasts (D:7)
  6 black bears
  3 ogres
  3 wolves (Lair:1)
  8 centaurs
  3 phantoms
  9 bullfrogs
  2 kobold brigands (D:8)
  A gnoll sergeant (D:8)
  3 necrophages
  5 scorpions
  13 wights
  6 killer bees
  An electric eel (Lair:5)
  5 orc priests
  2 jellies (D:6)
  7 hounds
  5 iguanas
  7 orc wizards
  4 gnolls (D:8)
  10 adders
  2 river rats (D:5)
  A shadow imp (D:5)
  5 white imps
  2 dart slugs
  21 orcs
  5 ball pythons
  3 endoplasms
  2 giant cockroaches (D:4)
  5 goblins
  4 hobgoblins
  7 jackals
  12 kobolds
  4 quokkas
  5 bats
  2 frilled lizards
  10 rats
391 creatures vanquished.

Vanquished Creatures (others)
  75 fungi
  157 plants
  4 withered plants (Lair:5)
236 creatures vanquished.

Grand Total: 627 creatures vanquished

Notes
Turn   | Place    | Note
-------+----------+-------------------------------------------
     0 | D:1      | growler the Merfolk Transmuter began the quest for the Orb.
     0 | D:1      | Reached XP level 1. HP: 15/15 MP: 3/3
   243 | D:1      | Reached XP level 2. HP: 18/21 MP: 3/5
   246 | D:1      | Learned a level 2 spell: Wereblood
   723 | D:1      | Reached XP level 3. HP: 26/26 MP: 6/6
   727 | D:1      | Learned a level 3 spell: Spider Form
   823 | D:1      | Found a faded altar of an unknown god.
  1796 | D:2      | Reached skill level 4 in Unarmed Combat
  1796 | D:2      | Reached XP level 4. HP: 18/32 MP: 5/8
  2383 | D:3      | Found a hide-covered altar of Uskayaw.
  2529 | D:3      | Found a burning altar of Makhleb.
  2532 | D:3      | Noticed a balrug
  2761 | D:3      | Found a snail-covered altar of Cheibriados.
  2816 | D:3      | Noticed a necrophage
  2831 | D:3      | Killed a necrophage
  2832 | D:3      | Reached skill level 5 in Unarmed Combat
  2832 | D:3      | Reached XP level 5. HP: 19/37 MP: 9/9
  3017 | D:3      | Learned a level 4 spell: Ice Form
  3537 | D:4      | Reached skill level 6 in Unarmed Combat
  3537 | D:4      | Reached XP level 6. HP: 11/43 MP: 10/10
  4586 | D:5      | Entered Level 5 of the Dungeon
  4612 | D:5      | Reached skill level 7 in Unarmed Combat
  4913 | D:5      | Reached XP level 7. HP: 47/48 MP: 7/11
  4980 | D:5      | Identified the +5 chain mail "Pounk" {Will- Regen+ SInv}
  5145 | D:5      | Found Hoidiva's General Store.
  5253 | D:5      | Reached skill level 8 in Unarmed Combat
  5700 | D:5      | Found a glowing golden altar of the Shining One.
  6109 | D:5      | Reached skill level 9 in Unarmed Combat
  6186 | D:6      | Reached XP level 8. HP: 54/54 MP: 8/12
  6589 | D:6      | Reached skill level 10 in Unarmed Combat
  6849 | D:6      | Reached skill level 1 in Ice Magic
  7377 | D:6      | Reached skill level 5 in Transmutations
  7713 | D:6      | Found a shimmering blue altar of Sif Muna.
  7808 | D:6      | Reached XP level 9. HP: 24/63 MP: 10/14
  8187 | D:7      | Identified the +0 ring mail "Rawy" {rElec}
  8233 | D:7      | Noticed a hornet
  8241 | D:7      | Killed a hornet
  8319 | D:7      | Found Uhummal's Gadget Gallery.
  8343 | D:7      | Reached skill level 11 in Unarmed Combat
  8667 | D:7      | Reached skill level 1 in Stealth
  8907 | D:7      | Found a staircase to the Ecumenical Temple.
  8916 | Temple   | Entered the Ecumenical Temple
  9010 | Temple   | Became a worshipper of the Wu Jian Council
  9108 | D:7      | Reached skill level 5 in Fighting
  9794 | D:8      | Found a shimmering altar of Xom.
  9995 | D:8      | Reached * piety under Wu Jian
 10124 | D:8      | Reached XP level 10. HP: 76/76 MP: 11/16
 10248 | D:8      | Reached skill level 5 in Dodging
 11088 | D:9      | Reached skill level 12 in Unarmed Combat
 11120 | D:9      | Reached ** piety under Wu Jian
 11135 | D:9      | Found a staircase to the Lair.
 11160 | D:9      | Reached skill level 5 in Stealth
 12041 | D:10     | Entered Level 10 of the Dungeon
 12152 | D:10     | Reached XP level 11. HP: 84/84 MP: 12/17
 13126 | D:11     | Reached skill level 13 in Unarmed Combat
 13318 | D:11     | Noticed a two-headed ogre
 13341 | D:11     | Killed a two-headed ogre
 13447 | D:11     | Got the Teachings on Metallic Evolution
 13484 | D:11     | Noticed a two-headed ogre
 13492 | D:11     | Killed a two-headed ogre
 13493 | D:11     | Reached skill level 1 in Evocations
 13947 | D:11     | Noticed a cyclops
 13972 | D:11     | Killed a cyclops
 14105 | Lair:1   | Entered Level 1 of the Lair of Beasts
 14341 | Lair:1   | You fall into a shaft and drop 1 floor!
 14386 | Lair:1   | Reached XP level 12. HP: 97/97 MP: 13/18
 15189 | Lair:2   | Noticed Nergalle
 15193 | Lair:2   | Noticed Gastronok
 15197 | Lair:2   | Killed Nergalle
 15198 | Lair:2   | Reached skill level 10 in Fighting
 15198 | Lair:2   | Reached skill level 14 in Unarmed Combat
 15376 | Lair:2   | Noticed a four-headed hydra
 15380 | Lair:2   | Killed a four-headed hydra
 15395 | Lair:2   | Killed Gastronok
 15396 | Lair:2   | Reached skill level 5 in Evocations
 15410 | Lair:2   | Noticed a seven-headed hydra
 15611 | Lair:2   | Killed a seven-headed hydra
 15611 | Lair:2   | Reached *** piety under Wu Jian
 15670 | Lair:2   | Noticed a boulder beetle
 15700 | Lair:2   | Killed a boulder beetle
 15896 | Lair:2   | Reached skill level 15 in Unarmed Combat
 16262 | Lair:3   | Reached XP level 13. HP: 70/107 MP: 14/19
 16547 | Lair:4   | Reached skill level 1 in Poison Magic
 16727 | Lair:4   | Noticed Kirke
 16776 | Lair:4   | Killed Kirke
 17236 | Lair:3   | Found a staircase to the Snake Pit.
 17468 | Lair:3   | Found a staircase to the Swamp.
 17546 | Lair:3   | Reached skill level 5 in Spellcasting
 18247 | Lair:5   | Entered Level 5 of the Lair of Beasts
 18275 | Lair:5   | Learned a level 5 spell: Alistair's Intoxication
 18279 | Lair:5   | Learned a level 3 spell: Ignite Poison
 18398 | Lair:5   | Reached **** piety under Wu Jian
 18477 | Lair:5   | Reached skill level 16 in Unarmed Combat
 18597 | Lair:5   | Reached skill level 5 in Poison Magic
 18868 | Lair:5   | Found a staircase to the Slime Pits.
 18982 | Lair:5   | Reached XP level 14. HP: 41/118 MP: 21/21
 19387 | Lair:5   | Reached ***** piety under Wu Jian
 19511 | Lair:5   | Found a runed translucent gate.
 19512 | Lair:5   | Found a runed translucent gate.
 19513 | Lair:5   | Found a runed translucent gate.
 19780 | Lair:5   | Identified the +10 falchion of Hepliaklqana's Delight
                  | {vorpal, rF+ rC+ rN+}
 20071 | Lair:5   | Noticed melkoren's ghost (journeyman DrBe)
 20071 | Lair:5   | Noticed Renzlar's ghost (journeyman GnFi)
 20072 | Lair:5   | Noticed Jingleheimer's ghost (journeyman MiFi)
 20756 | D:12     | Found Tocrub's Armour Emporium.
 20763 | D:12     | Bought a +0 pair of gloves of infusion for 149 gold pieces
 20790 | D:12     | Noticed Frances
 20806 | D:12     | HP: 6/144 [rust devil[Frances] (4)]
 20807 | D:12     | Killed from afar by Frances

Illustrated notes

Levels and vault maps discovered:
D:1:      lemuel_arrival_rhombus, layout_loops_ring,
          ebering_ecumenical_altar_rust, serial_park_tiny_1,
          minmay_stone_trees_small, bh_walls_and_bars
D:2:      layout_loops_ring
D:3:      layout_loops_ring, mainiacjoe_overflow_six_doors_small,
          overflow_temple_1_default, makhleb_altar_promises_db,
          nicolae_kite_square_tiling_tiny
D:4:      layout_loops_cross
D:5:      layout_loops_ring, tso_metal_star, portal_sewer_entry_a, serial_shops,
          nicolae_shop_stone, serial_bayou_pond_a
D:6:      layout_cave_pods, nicolae_sif_muna_little_library
D:7:      layout_layer_cave, minmay_temple_entry_proselytizer,
          nicolae_shop_gadgets
D:8:      layout_basic, xom_teletrap_fun
D:9:      layout_gridville, due_lair_maze_entry_diamond
D:10:     layout_basic
D:11:     layout_long_grid
D:12:     layout_loops_ring, hiddenorc1_lemuel, serial_shops, shop_statue,
          nicolae_shop_statue_plus, nicolae_diamond_shop, nicolae_shop_crystal,
          nicolae_lakefront_shop, lightli_fourway_metalbox, uniq_frances
Temple:   minmay_temple_bridge_d
Lair:1:   layout_cave_pods, chequers_serial_rivers_micro_a,
          serial_bayou_lagoon_a
Lair:2:   layout_hall_layers, grunt_megastairs_4, uniq_nergalle, uniq_gastronok
Lair:3:   layout_roguey, minmay_swamp_entry_reptiles,
          minmay_snake_entry_six_corridors
Lair:4:   layout_roguey, uniq_kirke
Lair:5:   minmay_lair_end_frog_pond, layout_regular_city, slime_entry_1,
          gammafunk_ghost_cemetery, chequers_serial_rivers_micro_e

Skill      XL: |  1  2  3  4  5  6  7  8  9 10 11 12 13 14 |
---------------+-------------------------------------------+-----
Transmutations | 3 4 5 6 9 |  9.0
Unarmed Combat | 4 5 6 7 9 10 11 12 13 15 16 | 16.9
Spellcasting   | 3 4 5 |  5.0
Ice Magic      | 2 3 |  3.0
Fighting       | 3 5 7 9 11 13 14 | 14.1
Dodging        | 4 7 9 |  9.0
Stealth        | 3 6 7 |  7.0
Evocations     | 3 6 |  6.0
Poison Magic   | 5 7 |  7.0

Action                   |  1- 3 |  4- 6 |  7- 9 | 10-12 | 13-15 || total
-------------------------+-------+-------+-------+-------+-------++-------
Melee: Unarmed           |   160 |   135 |   244 |   383 |   452 ||  1374
       Headbutt          |     8 |     9 |    11 |       |       ||    28
       Punch             |     2 |     6 |     5 |       |       ||    13
 Cast: Beastly Appendage |    16 |    17 |    15 |     1 |       ||    49
       Wereblood         |     2 |     1 |     2 |     6 |     1 ||    12
       Spider Form       |       |     3 |    16 |       |       ||    19
       Ice Form          |       |       |     9 |    49 |    35 ||    93
Invok: Lunge             |       |       |     8 |    49 |    32 ||    89
       Whirlwind         |       |       |       |    39 |   135 ||   174
       Serpent's Lash    |       |       |       |     1 |     4 ||     5
 Abil: End Transformatio |       |       |     1 |       |       ||     1
Evoke: Wand              |       |     2 |     2 |     9 |     1 ||    14
  Use: Scroll            |       |     3 |     4 |    13 |     3 ||    23
       Potion            |       |     2 |       |     1 |     2 ||     5
 Stab: Sleeping          |     2 |       |     2 |     6 |     1 ||    11
       Distracted        |       |       |       |       |     1 ||     1
Armor: Robe              |    49 |       |       |       |       ||    49
       Leather armour    |       |    22 |    19 |       |       ||    41
       Skin              |       |       |    19 |    48 |    50 ||   117
       Troll leather arm |       |       |       |       |     3 ||     3
Dodge: Dodged            |   103 |    74 |   151 |   193 |   144 ||   665
